AoeStats
← MZTK | GaboxNet .i.

MegaRandom

509570738Analyzed
4v4 RM · 6d ago on Sep 27, 2026· 45m 58s· 8 players
Game mode
Random Map
Map size
Large (8 player)
Population
200
Speed
Normal
Resources
Standard
Victory
Conquest
Starting age
Dark Age
Ending age
Imperial Age
RankedLock teamsTeams togetherTeam positionsShared explorationLock speedFull tech treeHidden civsTurbo modeCheats
Victory
Defeat
🇲🇽 Ethiopians · Mexico
1183
+13
🇲🇽 Mongols · Mexico
1164
+14
🇲🇽 Vietnamese · Mexico
1117
+16
🇲🇽 Koreans · Mexico
1112
+16
🇦🇷 Aztecs · Argentina
1156
-16
🇵🇱 Koreans · Poland
1126
-15
🇲🇽 Spanish · Mexico
1106
-14
🇫🇷 Koreans · France
1105
-14
Borzak4113
6:21 Loom
16:33 Feudal Age
20:17 Wheelbarrow
21:57 Horse Collar
23:02 Double-Bit Axe
25:41 Town Watch
28:53 Castle Age
28:40 Forging
28:35 Scale Barding Armor
29:08 Bloodlines
31:09 Husbandry
33:00 Bow Saw
GreatKnot19365
5:52 Loom
13:56 Feudal Age
18:54 Castle Age
19:45 Fletching
20:35 Bodkin Arrow
[Lw] MasterGace
11:57 Loom
14:12 Feudal Age
19:17 Double-Bit Axe
22:59 Fletching
25:39 Castle Age
30:03 Bodkin Arrow
31:15 Wheelbarrow
30:16 Pikeman
34:23 Hand Cart
36:12 Elite Skirmisher
37:00 Padded Archer Armor
39:31 Town Watch
40:01 Hand Cart
42:11 Leather Archer Armor
42:39 Squires
42:52 Forging
42:42 Scale Mail Armor
43:48 Scale Mail Armor
46:32 Bow Saw
SimbaLeRoiDeLaJungle
12:19 Loom
15:46 Feudal Age
18:06 Fletching
22:54 Castle Age
23:50 Bodkin Arrow
23:48 Crossbowman
30:45 Ballistics
31:45 Thumb Ring
38:07 Eupseong
38:43 Pikeman
48:45 Imperial Age
MZTK | GaboxNet .i.
6:46 Loom
13:01 Feudal Age
13:41 Double-Bit Axe
22:11 Castle Age
22:24 Light Cavalry
25:20 Scale Barding Armor
25:52 Bow Saw
26:19 Bloodlines
30:21 Wheelbarrow
30:18 Husbandry
32:29 Horse Collar
33:32 Forging
35:23 Heavy Plow
37:27 Chain Barding Armor
37:35 Gold Mining
37:36 Stone Mining
42:48 Imperial Age
41:24 Iron Casting
44:40 Blast Furnace
44:23 Coinage
43:23 Hussar
44:31 Capped Ram
45:27 Siege Ram
MZTK | KAAN EEK
10:04 Loom
14:12 Feudal Age
27:11 Castle Age
25:32 Horse Collar
25:56 Gold Mining
27:01 Forging
28:48 Medium Warships
32:35 Wheelbarrow
34:24 Light Cavalry
36:17 Fletching
36:33 Husbandry
36:06 Pikeman
37:02 Town Watch
38:16 Crossbowman
39:02 Thumb Ring
45:09 Bodkin Arrow
45:23 Scale Barding Armor
45:40 Fishing Lines
_MZTK_SIRO_
8:32 Loom
14:55 Feudal Age
15:29 Double-Bit Axe
15:47 Horse Collar
21:45 Castle Age
21:28 Stone Mining
25:28 Town Watch
43:13 Wheelbarrow
45:51 Heavy Plow
46:04 Bow Saw
MZTK | BALLON BOY
14:08 Loom
16:14 Feudal Age
20:06 Castle Age
19:26 Forging
19:17 Scale Mail Armor
24:36 Double-Bit Axe
42:45 Horse Collar
43:17 Bow Saw
43:00 Gold Mining
43:12 Royal Heirs
43:04 Stone Mining
46:20 Heavy Plow
46:58 Gold Shaft Mining
46:58 Stone Shaft Mining
Connection lost

Rejoining the realm…

Still unreachable

The connection could not be restored.

Session expired

The server has moved on; the page needs a fresh start.